 Dungeon Crawl Stone Soup version 0.32-a0-900-g30fb1b0edc (webtiles) character file.

Game seed: 16367391519201626380

4000 ragingrage the Carver (level 10, -1/70 (77) HPs)
             Began as a Formicid Artificer on Apr 5, 2024.
             Was a Believer of Nemelex Xobeh.
             Slain by a killer bee (6 damage)
             ... on level 7 of the Dungeon.
             The game lasted 00:13:02 (9440 turns).

ragingrage the Carver (Formicid Artificer)          Turns: 9440, Time: 00:13:03

HP:   -1/70 (77)    AC:  6    Str: 18    XL:     10   Next: 46%
MP:   13/13         EV: 10    Int: 12    God:    Nemelex Xobeh [**....]
Gold: 191           SH:  5    Dex: 20    Spells: 9/9 levels left

rFire   . . .        u - +6 scimitar "Qesked" {freeze, +Blink rPois Dex+4}
rCold   + . .        (no shield)
rNeg    + . .        b - +0 leather armour
rPois   +            (helmet unavailable)
rElec   .            (no cloak)
rCorr   .            r - +2 pair of gloves
SInv    +            (no boots)
Will    ++...        m - amulet of reflection
Stlth   ++           y - ring of protection from cold
HPRegen 0.31/turn    D - ring of positive energy
MPRegen 0.13/turn

%: reflection
@: mighty, attractive, enlightened, flying, drained, invisible (expiring)
A: permanent stasis, dig shafts and tunnels, antennae 3, four strong arms
a: Dig, Shaft Self, Renounce Religion, Draw Escape, Draw Destruction, Draw
Summoning


You were on level 7 of the Dungeon.
You worshipped Nemelex Xobeh.
Nemelex Xobeh was pleased with you.
You visited 2 branches of the dungeon, and saw 9 of its levels.

You collected 495 gold pieces.
You spent 304 gold pieces at shops.

Inventory:

Hand Weapons
 a - a +3 scimitar
 u - the +6 scimitar "Qesked" (weapon) {freeze, +Blink rPois Dex+4}
   (You bought it in a shop on level 1 of the Dungeon)

   Dex+4:     It affects your dexterity (+4).
   rPois:     It protects you from poison.
   +Blink:    It lets you blink.
 E - a +3 sling
Missiles
 i - 23 poisoned darts (quivered)
 B - 5 javelins
 K - 2 throwing nets
Armour
 b - a +0 leather armour (worn)
 r - a +2 pair of gloves (worn)
Jewellery
 m - an amulet of reflection (around neck)
 y - a ring of protection from cold (left hand)
 D - a ring of positive energy (right hand)
Wands
 c - a wand of flame (45)
 d - a wand of charming (23)
 e - a wand of iceblast (5)
 L - a wand of roots (9)
Scrolls
 f - a scroll of noise
 h - 2 scrolls of amnesia
 o - 2 scrolls of poison
 s - a scroll of fear {unknown}
 v - a scroll of fog {unknown}
 z - a scroll of summoning {unknown}
 C - a scroll of vulnerability {unknown}
 G - a scroll of brand weapon
 M - a scroll of silence
Potions
 n - a potion of heal wounds
 p - a potion of invisibility


   Skills:
 + Level 6.7 Fighting
 + Level 11.5 Long Blades
 - Level 3.6 Axes
 - Level 2.1 Armour
 - Level 0.8 Dodging
 - Level 3.0 Stealth
 - Level 5.0 Invocations
 - Level 3.2 Evocations


You had 9 spell levels left.
You didn't know any spells.
Your spell library contained the following spells:

 Spells                   Type           Power      Damage    Failure   Level
 Summon Small Mammal      Summ           0%         N/A       36%         1
 Call Canine Familiar     Summ           0%         N/A       75%         3
 Summon Blazeheart Golem  Fire/Summ      0%         N/A       98%         4


Dungeon Overview and Level Annotations

Branches:
Dungeon (8/15)             Temple (1/1) D:4
   Lair: D:8-11

Altars:
Ashenzari
Cheibriados
Dithmenos
Elyvilon
Gozag
Hepliaklqana
Kikubaaqudgha
Makhleb
Nemelex Xobeh
Okawaru
Qazlal
Ru
Trog
Uskayaw
Vehumet
Wu Jian
Xom
Yredelemnul
The Shining One
Lugonu

Shops:
D:1 ((*   D:3 *

Annotations:
D:4 1 runed translucent door, exclusions: black bear and quokka, pokeman's ghost, amateur DEHW


Innate Abilities, Weirdness & Mutations

You cannot be hasted, slowed, berserked, paralysed or teleported.
You can dig through walls and to a lower floor.
You have a pair of large antennae on your head. (SInv)
Your four strong arms can wield two-handed weapons with a shield.


Message History

It was a potion of attraction.
You feel attractive to monsters. The killer bee misses you.
The killer bee barely misses you.
The killer bee stings you but does no damage.
You block the killer bee's attack. The killer bee barely misses you.
The killer bee stings you. The killer bee closely misses you.
The killer bee misses you.
It was a potion of enlightenment.
You feel very buoyant.
You fly up into the air.
The killer bee stings you but does no damage.
The killer bee barely misses you. You block the killer bee's attack.
The killer bee barely misses you. The killer bee closely misses you.
The killer bee stings you but does no damage.
The killer bee completely misses you. The killer bee barely misses you.
It was a potion of might.
You feel very mighty all of a sudden.
The killer bee stings you but does no damage.
The killer bee stings you.
* * * LOW HITPOINT WARNING * * *
You block the killer bee's attack. The killer bee closely misses you. x2
The killer bee stings you!
* * * LOW HITPOINT WARNING * * *
The killer bee closely misses you. x2
You hit the killer bee. You freeze the killer bee.
The killer bee barely misses you. The killer bee closely misses you.
The killer bee stings you.
* * * LOW HITPOINT WARNING * * *
The killer bee stings you but does no damage.
The killer bee closely misses you. You block the killer bee's attack.
The killer bee stings you but does no damage. x2
You miss the killer bee.
You flicker for a moment.
The killer bee closely misses you. x2
The killer bee stings you but does no damage.
The killer bee stings you.
* * * LOW HITPOINT WARNING * * *
The killer bee stings you.
You die...
Your body glows slightly and disappears.

..........................######.
...........####.#######.#.# ##
......##...# #.........#.# #
...##.###.## ###########.# #
.#.##.###.# #.# #
♣♣.♣♣.#...####### #.#######
)♣~P♣.♣.♣...<...# #.#......
♣~~~~♣♣~~÷#####y#########.#.#####
≈≈≈~~~~P~♣♣♣###y@y...........####
≈≈≈≈≈~~~~~P~~##y##.####..........
≈≈≈≈÷~~~~~P~~♣#.##.# #..##..####
≈≈≈≈≈≈~P~~~~P♣..##.# #..##......
≈≈≈≈≈≈≈~~~~♣~♣..##.# #..##.#####
≈≈≈≈≈≈~~~~~~~~♣###.# #.....#
≈≈~≈~≈♣~~♣~~♣~# #.# #.##..#
≈≈~~≈~~~~~~♣~## #.####.##..#####
≈≈~~~~~~♣~~### #....#.......).[


You could see 4 killer bees.

Vanquished Creatures
  A steam dragon (D:7)
  An acid dragon (D:8)
  An orc warrior (D:7)
  4 ice beasts
  An ogre (D:6)
  2 wolves
  A lemure (D:6)
  3 kobold brigands
  3 bullfrogs
  5 scorpions
  14 wights
  A killer bee (D:8)
  6 electric eels (D:7)
  2 howler monkeys (D:7)
  A bombardier beetle (D:5)
  2 hounds
  4 orc priests
  A gnoll bouda (D:6)
  4 iguanas
  3 sleepcaps
  4 orc wizards
  Robin (D:3)
  17 gnolls
  8 adders
  A white imp (D:7)
  2 ribbon worms (D:2)
  2 dart slugs
  24 orcs
  8 ball pythons
  8 endoplasms
  A giant cockroach (D:1)
  18 goblins
  9 hobgoblins
  18 jackals
  3 quokkas
  4 bats
  5 frilled lizards
  2 hobgoblin zombies (D:3)
  14 kobolds
  A kobold skeleton (D:3)
  4 kobold zombies (D:3)
  An orc skeleton (D:3)
  3 rats
218 creatures vanquished.

Vanquished Creatures (collateral kills)
  A scorpion (D:6)
  A jelly (D:6)
  An orc wizard (D:8)
  An adder (D:6)
4 creatures vanquished.

Vanquished Creatures (others)
  Pikel (D:6)
1 creature vanquished.

Grand Total: 223 creatures vanquished

Notes
Turn   | Place    | Note
-------+----------+-------------------------------------------
     0 | D:1      | ragingrage the Formicid Artificer began the quest for the
                  | Orb.
     0 | D:1      | Reached XP level 1. HP: 15/15 MP: 1/1
   193 | D:1      | Reached XP level 2. HP: 18/21 MP: 2/2
   303 | D:1      | Noticed a +0 rapier
   303 | D:1      | Noticed a +0 triple sword
   304 | D:1      | Found Pynu's Weapon Shoppe.
   371 | D:1      | Reached skill level 1 in Axes
   447 | D:1      | Reached XP level 3. HP: 16/26 MP: 3/3
   583 | D:1      | Found Isker's Antique Weapon Emporium.
   696 | D:1      | Found Zuohaot's General Store.
  1154 | D:2      | Reached XP level 4. HP: 32/32 MP: 4/4
  1896 | D:3      | Reached XP level 5. HP: 27/38 MP: 5/5
  2098 | D:1      | Bought a warped scimitar for 207 gold pieces
  2098 | D:1      | Identified the +6 scimitar "Qesked" {freeze, +Blink rPois
                  | Dex+4} (You bought it in a shop on level 1 of the Dungeon)
  2184 | D:3      | Found a glowing golden altar of the Shining One.
  2345 | D:4      | Reached skill level 1 in Long Blades
  2547 | D:4      | Reached skill level 2 in Long Blades
  2584 | D:4      | Found a runed translucent door.
  2588 | D:4      | Found a staircase to the Ecumenical Temple.
  2592 | D:4      | Noticed pokeman's ghost (amateur DEHW)
  2627 | D:4      | Reached XP level 6. HP: 26/44 MP: 6/6
  2705 | Temple   | Entered the Ecumenical Temple
  2741 | Temple   | Became a worshipper of Elyvilon the Healer
  2788 | D:4      | Noticed a black bear
  2885 | D:4      | Reached skill level 3 in Long Blades
  3088 | D:5      | Entered Level 5 of the Dungeon
  3317 | D:5      | Reached skill level 4 in Long Blades
  3317 | D:5      | Reached XP level 7. HP: 44/50 MP: 7/7
  3438 | D:5      | Reached * piety under Elyvilon
  3457 | D:5      | Found a sparkling altar of Nemelex Xobeh.
  3535 | D:5      | Fell from the grace of Elyvilon
  3535 | D:5      | Became a worshipper of Nemelex Xobeh the Trickster
  3945 | D:5      | Found an ornate altar of the Wu Jian Council.
  3978 | D:5      | Reached skill level 5 in Long Blades
  4258 | D:5      | Reached skill level 6 in Long Blades
  4415 | D:1      | Bought a scroll of enchant armour for 97 gold pieces
  4534 | D:3      | Found a sacrificial altar of Ru.
  4546 | D:3      | Noticed Robin
  4652 | D:3      | Killed Robin
  4653 | D:3      | Reached XP level 8. HP: 49/56 MP: 8/8
  4727 | D:3      | Found an opulent altar of Gozag.
  4727 | D:3      | Found Gozag's Platinum Reserve.
  5058 | D:6      | Reached skill level 7 in Long Blades
  5193 | D:6      | Noticed Pikel
  5330 | D:6      | Found a hazy altar of Hepliaklqana.
  5348 | D:6      | Found a stormy altar of Qazlal.
  5667 | D:6      | Reached * piety under Nemelex Xobeh
  5911 | D:6      | Reached skill level 8 in Long Blades
  5912 | D:6      | Killed Pikel
  5913 | D:6      | Reached XP level 9. HP: 65/65 MP: 9/9
  6276 | D:6      | Found a basalt altar of Yredelemnul.
  6278 | D:6      | Found an ancient bone altar of Kikubaaqudgha.
  6285 | D:6      | Found an iron altar of Okawaru.
  6378 | D:6      | Reached skill level 9 in Long Blades
  6887 | D:7      | Received a gift from Nemelex Xobeh
  6990 | D:7      | Reached skill level 10 in Long Blades
  7389 | D:7      | Found a hide-covered altar of Uskayaw.
  7439 | D:7      | Reached skill level 1 in Invocations
  7752 | D:7      | Found a burning altar of Makhleb.
  8074 | D:7      | Reached ** piety under Nemelex Xobeh
  8077 | D:7      | Received a gift from Nemelex Xobeh
  8347 | D:8      | Reached skill level 5 in Fighting
  8484 | D:8      | Reached XP level 10. HP: 72/74 MP: 12/12
  8505 | D:7      | Reached skill level 11 in Long Blades
  9048 | D:8      | Reached skill level 5 in Invocations
  9250 | D:8      | Found a shimmering altar of Xom.
  9440 | D:7      | Slain by a killer bee

Illustrated notes

Levels and vault maps discovered:
D:1:      dpeg_arrival_rooms_c, layout_rooms, serial_shops,
          nicolae_shop_mannequins, shop, shop
D:2:      layout_basic, serial_forest, infiniplex_forest_corner_2,
          infiniplex_forest_lined_3, infiniplex_forest_clump_small,
          infiniplex_forest_lined_3, infiniplex_forest_straight_5,
          infiniplex_forest_lined_3, infiniplex_forest_zigzag_1,
          infiniplex_forest_fountain, infiniplex_forest_lined_3_way,
          minivault_27
D:3:      layout_basic, nicolae_gozag_zags_fifth_avenue, zin_scriptorium,
          hangedman_ru_absence, nicolae_tso_besieged_by_evil, serial_shops,
          shop_fountains, serial_glass, glass_columns_c, glass_columns_a,
          uniq_robin
D:4:      layout_cave_pools, minmay_temple_entry_sparse_star,
          ebering_ghost_sewer_d
D:5:      minmay_spotlight, layout_basic, mainiacjoe_overflow_alcove_4,
          nemelex_diamond_rough_becter
D:6:      layout_gridville, mainiacjoe_overflow_catwalk,
          mainiacjoe_overflow_alcove_1, grunt_temple_overflow_diamond,
          uniq_pikel
D:7:      layout_loops_ring, lemuel_round_altar,
          mainiacjoe_overflow_surrounded_room, serial_bayou,
          serial_bayou_lake_a, serial_bayou_ford_a, serial_bayou_shore_a,
          serial_bayou_shore_b, serial_bayou_pond_c, serial_bayou_crossing
D:8:      layout_cave_pools, lemuel_tele_altar, hellmonk_lair_entry_icy,
          uniq_jeremiah
Temple:   corrupted_temple

Skill      XL: |  1  2  3  4  5  6  7  8  9 10 |
---------------+-------------------------------+-----
Stealth        | 2 3 |  3.0
Axes           | 1 2 3 |  3.6
Fighting       | 2 4 5 6 |  6.7
Long Blades    | 2 4 6 8 10 11 | 11.5
Invocations    | 3 5 |  5.0
Armour         | |  2.1
Dodging        | |  0.8
Evocations     | |  3.2

Action                     |  1- 3 |  4- 6 |  7- 9 | 10-12 || total
---------------------------+-------+-------+-------+-------++-------
  Melee: Club              |    18 |       |       |       ||    18
         Broad axe         |   112 |    50 |       |       ||   162
         Scimitar          |       |    71 |   242 |    78 ||   391
  Throw: Dart              |       |     2 |    10 |       ||    12
         Throwing net      |       |       |       |     1 ||     1
 Invoke: Draw Summoning    |       |       |       |     1 ||     1
  Evoke: Wand              |     1 |       |    10 |       ||    11
    Use: Scroll            |       |     1 |     1 |     9 ||    11
         Potion            |       |     1 |     1 |     5 ||     7
   Stab: Sleeping          |     2 |     4 |     2 |       ||     8
         Distracted        |       |       |     1 |       ||     1
 Armour: Leather armour    |   105 |    91 |   181 |    85 ||   462
  Dodge: Dodged            |    86 |    76 |   142 |    82 ||   386
  Block: Other             |       |       |       |    27 ||    27
         Reflection        |       |       |       |     1 ||     1

Table legend: (Time is in decaauts)
 A = Elapsed time spent in this place.
 B = Non-inter-level travel time spent in this place.
 C = Inter-level travel time spent in this place.
 D = Time resting spent in this place.
 E = Time spent auto-exploring this place.
 F = Levels seen in this place.
 G = Mean time per level.
                   A        B        C        D        E       F      G
               +--------+--------+--------+--------+--------+-----+--------+
         Total |   9635 |   9002 |    633 |   2414 |   4394 |   9 | 1070.6 |
       Dungeon |   9607 |   8998 |    609 |   2414 |   4394 |   8 | 1200.9 |
        Temple |     27 |      3 |     24 |      0 |      0 |   1 |   27.0 |
               +--------+--------+--------+--------+--------+-----+--------+

Top non-repeatable levels by time:
     D:7: 2361 daAuts
     D:6: 1785 daAuts
     D:5: 1229 daAuts
     D:2: 1067 daAuts
     D:1: 940 daAuts
     D:3: 926 daAuts
     D:4: 840 daAuts
     D:8: 456 daAuts
  Temple: 27 daAuts
